 Dungeon Crawl Stone Soup version 0.25.1-2-g60ff931df9 (webtiles) character file.

Game seed: 12707554425104129638

145367 Atelerd the Destroyer (level 17, -4/94 HPs)
             Began as an Octopode Venom Mage on July 29, 2020.
             Was an Elder of Sif Muna.
             Slain by a bone dragon (10 damage)
             ... on level 3 of the Abyss on July 30, 2020.
             The game lasted 02:07:00 (43026 turns).

Atelerd the Destroyer (Octopode Venom Mage)        Turns: 43026, Time: 02:07:02

Health: -4/94      AC: 33    Str:  0    XL:     17   Next: 42%
Magic:  21/26      EV: 19    Int: 30    God:    Sif Muna [****..]
Gold:   847        SH:  5    Dex: 12    Spells: 5/40 levels left

rFire    + + +     SeeInvis .   o - +5 long sword (elec)
rCold    . . .     Gourm    .   L - +0 buckler
rNeg     + + .     Faith    +   E - +1 hat
rPois    ∞         Spirit   .   C - amulet of faith
rElec    +         Reflect  .   f - +6 ring of intelligence
rCorr    .         Harm     .   W - ring of Shadows {Umbra +Inv Stlth+}
MR       +....     Rnd*Rage +   T - ring of protection from cold
Stlth    ++++++++++             V - +4 ring of protection
HPRegen  0.06/turn              Z - +4 ring of evasion
MPRegen  0.20/turn              G - ring "Maaheit" {+Inv rF+++ rC- Str-4 Stlth+}
                                H - ring of positive energy
                                B - +4 ring of protection

@: about to teleport, statue-form, slowed, lost strength, wreathed by umbra,
studying Spellcasting, very slow
A: almost no armour, stealthy swim, amphibious, 8 rings, constrict 8, camouflage
1, [berserk 2], [frail 3], [low mp 2], [screaming 3], [weak 2], [subdued magic
3]
a: End Transformation, Channel Magic, Forget Spell, Divine Exegesis, Renounce
Religion, Evoke Invisibility


You were on level 3 of the Abyss.
You worshipped Sif Muna.
Sif Muna was greatly pleased with you.
You were hungry.
You were a stone statue.
You visited 5 branches of the dungeon, and saw 27 of its levels.
You visited the Abyss 2 times.
You also visited: Ossuary and Gauntlet.

You collected 2556 gold pieces.
You spent 1709 gold pieces at shops.

Inventory:

Hand Weapons
 o - a +5 long sword of electrocution (weapon)
 r - a +4 vorpal dagger
 z - a +3 eudemon blade of holy wrath
Armour
 E - a +1 hat (worn)
 L - a +0 buckler (worn)
Jewellery
 d - an uncursed amulet of the acrobat
 f - a +6 ring of intelligence (left tentacle)
 B - a +4 ring of protection (on tentacle)
 C - an amulet of faith (around mantle)
 G - the ring "Maaheit" (on tentacle) {+Inv rF+++ rC- Str-4 Stlth+}
   (You found it in a Gauntlet)

   [ring of stealth]

   It affects your strength (-4).
   It renders you almost immune to fire.
   It makes you vulnerable to cold.
   It lets you turn invisible.
   It makes you more stealthy.
 H - a ring of positive energy (on tentacle)
 T - a ring of protection from cold (on tentacle)
 V - a +4 ring of protection (on tentacle)
 W - the ring of Shadows (right tentacle) {Umbra +Inv Stlth+}
   (You found it on level 4 of the Lair of Beasts)

   [ring of stealth]

   It lets you turn invisible.
   It makes you more stealthy.
 Z - a +4 ring of evasion (on tentacle)
Wands
 i - a wand of disintegration (28)
 v - a wand of polymorph (9)
 y - a wand of acid (3)
 N - a wand of clouds (4)
 R - a wand of paralysis (22)
 U - a wand of digging (6)
Scrolls
 a - a scroll of brand weapon
 e - 4 scrolls of immolation
 h - 6 scrolls of amnesia
 p - 11 scrolls of remove curse
 x - 7 scrolls of enchant weapon
 A - 5 scrolls of enchant armour
 D - 6 scrolls of identify
 K - 3 scrolls of holy word
 M - 7 scrolls of fear
 O - 3 scrolls of silence
Potions
 g - a potion of cancellation
 j - a potion of magic
 l - 9 potions of curing
 m - 2 potions of ambrosia
 n - a potion of brilliance
 q - a potion of might
 s - a potion of haste {unknown}
 t - 5 potions of stabbing
 u - 2 potions of invisibility
 F - a potion of flight
 Q - a potion of resistance
 S - a potion of berserk rage
Books
 w - a manual of Spellcasting
Miscellaneous
 k - a phial of floods
 X - 2 boxes of beasts
 Y - a phial of floods
Comestibles
 b - 24 rations


   Skills:
 - Level 6.3 Fighting
 - Level 3.0(3.3) Short Blades
 + Level 2.0(2.8) Long Blades
 - Level 6.7 Dodging
 - Level 12.0 Stealth
 - Level 4.0 Shields
 - Level 12.0 Spellcasting
 + Level 14.7 Conjurations
 + Level 2.1 Hexes
 - Level 3.0 Charms
 - Level 10.0 Transmutations
 - Level 6.2 Fire Magic
 - Level 5.0 Ice Magic
 - Level 7.0 Air Magic
 - Level 9.5 Earth Magic
 - Level 6.0 Poison Magic
 + Level 11.7 Invocations
 + Level 3.9 Evocations


You had 5 spell levels left.
You knew the following spells:

 Your Spells              Type           Power        Failure   Level  Hunger
a - Magic Dart            Conj           ####         0%          1    None
b - Mephitic Cloud        Conj/Pois/Air  #####...     1%          3    None
c - Iskenderun's Battles  Conj/Chrm      #####...     1%          5    ##.....
d - Ignite Poison         Fire/Tmut/Pois ####....     1%          3    None
e - Olgreb's Toxic Radia  Pois           ####....     1%          4    None
f - Confusing Touch       Hex            ###.....     1%          3    None
g - Freezing Cloud        Conj/Ice/Air   #####.....   5%          6    ####...
p - Petrify               Tmut/Erth      #####...     1%          4    None
s - Statue Form           Tmut/Erth      #####....    3%          6    ####...

Your spell library contained the following spells:

 Spells                   Type           Power        Failure   Level  Hunger
 Beastly Appendage        Tmut           #####.       0%          1    None
 Sandblast                Erth           #####.       0%          1    None
 Shock                    Conj/Air       ####         0%          1    None
 Sting                    Tmut/Pois      ####         0%          1    None
 Passwall                 Tmut/Erth      #####...     0%          2    None
 Conjure Flame            Conj/Fire      #####...     0%          3    None
 Static Discharge         Conj/Air       #####...     0%          3    None
 Animate Skeleton         Necr           N/A          1%          1    None
 Apportation              Tloc           #.....       1%          1    None
 Corona                   Hex            ###....      1%          1    None
 Infusion                 Chrm           ###.         1%          1    None
 Pain                     Necr           #...         1%          1    None
 Summon Small Mammal      Summ           #...         1%          1    None
 Call Imp                 Summ           #.......     1%          2    None
 Ensorcelled Hibernation  Hex/Ice        ###...       1%          2    None
 Poisonous Vapours        Pois/Air       ####..       1%          2    None
 Shroud of Golubria       Chrm/Tloc      ##....       1%          2    None
 Slow                     Hex            ###.....     1%          2    None
 Song of Slaying          Chrm           ###.....     1%          2    None
 Dazzling Flash           Conj/Hex       #####.       1%          3    None
 Inner Flame              Hex/Fire       ###.....     1%          3    None
 Ozocubu's Armour         Chrm/Ice       ###.....     1%          3    None
 Spectral Weapon          Hex/Chrm       ###.....     1%          3    None
 Spider Form              Tmut/Pois      ####......   1%          3    None
 Tukima's Dance           Hex            ###.....     1%          3    None
 Leda's Liquefaction      Hex/Erth       ####......   1%          4    None
 Sticky Flame             Conj/Fire      #####...     1%          4    None
 Bolt of Magma            Conj/Fire/Erth #####.....   1%          5    ##.....
 Irradiate                Conj/Tmut      #####.....   1%          5    ##.....
 Portal Projectile        Hex/Tloc       ##....       2%          3    None
 Yara's Violent Unravell  Hex/Tmut       ####......   3%          5    ##.....
 Gell's Gravitas          Tloc           #.........   4%          3    None
 Lesser Beckoning         Tloc           #.........   4%          3    None
 Recall                   Summ/Tloc      N/A          4%          3    None
 Vampiric Draining        Necr           #.........   4%          3    None
 Cause Fear               Hex            ###.......   6%          4    None
 Metabolic Englaciation   Hex/Ice        ###.......   11%         5    ##.....
 Animate Dead             Necr           N/A          17%         4    None
 Agony                    Necr           #.......     47%         5    ##.....
 Aura of Abjuration       Summ           #.........   47%         5    ##.....
 Summon Forest            Summ/Tloc      #.........   47%         5    ##.....
 Iron Shot                Conj/Erth      #####.....   1%          6    ####...
 Hydra Form               Tmut           #####.....   3%          6    ####...
 Dragon Form              Tmut           #####.....   24%         7    ######.
 Spellforged Servitor     Conj/Summ      ####......   63%         7    ######.
 Ring of Flames           Chrm/Fire      ###.......   96%         7    ######.
 Controlled Blink         Tloc           N/A          100%        8    #######
 Necromutation            Tmut/Necr      ####......   100%        8    #######
 Absolute Zero            Ice            ####......   100%        9    #######
 Dragon's Call            Summ           #.........   100%        9    #######
 Shatter                  Erth           #####.....   100%        9    #######


Dungeon Overview and Level Annotations

Branches:
Dungeon (15/15)            Temple (1/1) D:4            Lair (6/6) D:8
  Snake (0/4) Lair:2        Slime (0/5) Lair:6          Orc (2/2) D:12
    Elf (3/3) Orc:2        Vaults (0/5) D:14         Depths (0/5) D:15
Ossuary (visited)         Gauntlet (visited)
  Swamp: Lair:2-4    Shoals: Lair:2-4

Altars:
Ashenzari
Cheibriados
Dithmenos
Elyvilon
Fedhas
Gozag
Kikubaaqudgha
Makhleb
Nemelex Xobeh
Okawaru
Qazlal
Ru
Sif Muna
Trog
Uskayaw
Vehumet
Wu Jian
Xom
Yredelemnul
Zin
The Shining One
Beogh

Shops:
D:10 %(*?   D:13 =   D:15 =   Orc:2 *=[(   Elf:1 :

Annotations:
D:2 exclusion: downstairs
D:3 exclusion: 2 downstairs
D:4 exclusion: downstairs
D:6 exclusion: downstairs
D:8 exclusion: downstairs
Lair:2 1 exclusion
Lair:4 exclusion: 3 oklob plants
Lair:6 exclusion: 4 oklob plants
Elf:3 Asterion


Innate Abilities, Weirdness & Mutations

You cannot wear most types of armour.
You are very stealthy in the water. (Stealth+)
You are amphibious.
You can wear up to eight rings at the same time.
You can use your tentacles to constrict eight enemies at once.
Your skin changes colour to match your surroundings (Stealth+).
((Your rubbery body absorbs attacks. (AC +1, EV +1)))
[You often lose your temper in combat.]
[You are extremely frail. (-30% HP)]
[Your magical capacity is very low. (-20% MP)]
[You frequently scream uncontrollably at your foes.]
[You are very weak. (Str -4)]
[Your spells are much easier to cast, but much less powerful.]


Message History

The small abomination hits you but does no damage.
The guardian serpent hits you!
* * * LOW HITPOINT WARNING * * *
The bone dragon bites you.
* * * LOW HITPOINT WARNING * * *
The bone dragon claws you.
* * * LOW HITPOINT WARNING * * *
The bone dragon tramples you but does no damage.
The flayed ghost is engulfed in freezing vapours.
You can move again.
Okay, then.
Unknown command.
You feel better.
The guardian serpent hits you but does no damage.
A naga comes into view. It is wielding a +0 war axe.
The small abomination closely misses you.
The guardian serpent casts a spell at you.
The bolt of poison hits you but does no damage.
You resist. The bone dragon bites you!
You die...

. # .. . .. . #. .
#. . #.# .. ## .# .
####.### .
##.§§#..####
.###.###..§W§§#.x.##
. ...#..##§§*D8..# .
...s...§§#○.S*.##
.#G# .........#...#
.§.. . #..........#
. . . ..#..#.....# #
. ###.#.#######.# #
#.### .# N.


You could see a bone dragon (corroded), a wretched star, a flayed ghost, a
guardian serpent, a naga, a small abomination and a friendly battlesphere.

Vanquished Creatures
  A deep elf blademaster (Elf:2)
  2 tentacled starspawn (Abyss:3)
  Agnes (Elf:2)
  A daeva (Abyss:3)
  A deep elf sorcerer (Elf:1)
  An orc warlord (Orc:2)
  Louise (D:14)
  A deep elf elementalist (Elf:3)
  3 deep elf demonologists (Elf:3)
  A minotaur (Gauntlet)
  Azrael (D:13)
  A black draconian (Abyss:3)
  A spark wasp (shapeshifter) (D:14)
  A blizzard demon (Abyss:3)
  A deep elf death mage (Elf:2)
  A fire dragon (Lair:6)
  A deep elf high priest (Elf:3)
  3 hydras
  A death knight (D:14)
  2 catoblepae
  5 centaur warriors
  18 dancing weapons
  3 two-headed ogres
  A tengu warrior (D:13)
  19 deep elf knights
  An orc high priest (Orc:2)
  3 thrashing horrors (Abyss:3)
  3 wretched stars (Abyss:3)
  Sonja (D:13)
  Nergalle (Orc:2)
  6 unseen horrors
  A swamp dragon (shapeshifter) (D:14)
  A swamp dragon (Lair:6)
  7 deep elf archers
  A phantasmal warrior (D:14)
  6 orc knights
  2 necromancers
  47 deep elf magi
  An ugly thing (D:13)
  5 cyclopes
  3 wolf spider zombies
  5 orc sorcerers
  2 worldbinders (Abyss:3)
  3 manticores (D:14)
  A rust devil (Abyss:3)
  5 black mambas
  Maurice (D:13)
  9 elephants
  2 naga magi (D:15)
  Maggie (Lair:1)
  2 gargoyles (D:12)
  7 spiny frogs
  7 komodo dragons
  2 ancient zymes (Abyss:3)
  2 kobold demonologists
  A rime drake (Lair:4)
  An ice devil (Gauntlet)
  An efreet (Abyss:3)
  A freezing wraith (D:14)
  2 tengu conjurers (D:14)
  2 harpy zombies
  5 trolls
  A jumping spider (shapeshifter) (Abyss:3)
  2 hornets (Gauntlet)
  6 blink frogs
  A polar bear (Lair:5)
  6 hippogriffs
  6 raiju
  A meliai zombie (D:14)
  A bog body (Lair:2)
  A spriggan (shapeshifter) (D:13)
  2 air elementals (Elf:2)
  A vampire (D:15)
  2 wyverns
  A ynoxinul (Abyss:3)
  4 fire elementals
  A water elemental (Elf:1)
  4 wraiths
  29 yaks
  4 small abominations (Abyss:3)
  3 fire bats (Abyss:3)
  2 neqoxecs (Abyss:3)
  7 basilisks
  3 steam dragons
  5 vampire mosquitoes (D:15)
  7 wargs
  5 acid dragons
  A hell hound (D:13)
  7 large abominations (Abyss:3)
  A spectral hornet (D:15)
  9 water moccasins
  A floating eye (Lair:4)
  A hornet zombie (D:9)
  12 porcupines
  5 sky beasts
  An ice beast (D:15)
  An ice beast (shapeshifter) (D:15)
  3 elephant zombies (Lair:4)
  A phantom (D:8)
  2 black bears
  An eye of draining (D:8)
  27 orc warriors
  14 ogres
  An eye of draining (shapeshifter) (Elf:1)
  12 centaurs
  A tengu (shapeshifter) (D:14)
  19 crocodiles
  7 wolves
  3 big kobolds (D:13)
  16 bullfrogs
  3 earth elementals
  An elf zombie (Ossuary)
  3 scorpions
  9 killer bees
  8 wights
  A howler monkey (D:6)
  2 electric eels (Lair:4)
  6 crimson imps
  A bullfrog zombie (D:13)
  6 centaur zombies
  6 hounds
  A human zombie (Ossuary)
  4 quasits
  17 orc priests
  4 jellies
  5 centaur skeletons
  3 bullfrog skeletons
  9 iguanas
  18 orc wizards
  7 hell rats (Lair:6)
  2 lightning spires (Gauntlet)
  13 worker ants
  2 crocodile zombies (Lair:4)
  A big kobold zombie (Ossuary)
  A hound zombie (D:5)
  A hound skeleton (D:4)
  3 mummies
  11 adders
  11 gnolls
  6 shadow imps
  4 white imps (Gauntlet)
  7 oozes
  3 adder zombies (Ossuary)
  2 adder skeletons
  4 worms
  4 leopard geckos
  77 orcs
  2 ball pythons
  3 giant cockroaches
  12 goblins
  12 hobgoblins
  4 jackals
  5 quokkas
  10 bats
  4 frilled lizards
  A goblin zombie (Ossuary)
  8 hobgoblin zombies (Ossuary)
  15 kobolds
  12 kobold zombies (Ossuary)
  A leopard gecko zombie (D:5)
  8 orc zombies (Ossuary)
  12 rats
  A rat zombie (Ossuary)
  A plant (Lair:2)
  3 starspawn tentacles (Abyss:3)
854 creatures vanquished.

Vanquished Creatures (collateral kills)
  A tentacled starspawn (Abyss:3)
  A large abomination (Abyss:3)
  A starcursed mass (Abyss:3)
3 creatures vanquished.

Vanquished Creatures (others)
  A centaur warrior (D:13)
  A large abomination (Abyss:3)
  A deep elf mage (Elf:2)
  A starcursed mass (Abyss:3)
  20 fungi
  A lurking horror (Abyss:3)
  9 plants
  8 starspawn tentacles (Abyss:3)
42 creatures vanquished.

Grand Total: 899 creatures vanquished

Notes
Turn   | Place    | Note
-------+----------+-------------------------------------------
     0 | D:1      | Atelerd the Octopode Venom Mage began the quest for the
                  | Orb.
     0 | D:1      | Reached XP level 1. HP: 11/11 MP: 3/3
   319 | D:1      | Reached XP level 2. HP: 14/17 MP: 0/5
  1849 | D:2      | Reached XP level 3. HP: 21/21 MP: 6/6
  1854 | D:2      | Learned a level 3 spell: Mephitic Cloud
  2712 | D:2      | Reached XP level 4. HP: 24/27 MP: 7/7
  2782 | D:2      | Found an ornate altar of the Wu Jian Council.
  3382 | D:2      | Reached XP level 5. HP: 17/31 MP: 6/9
  3480 | D:3      | Learned a level 4 spell: Olgreb's Toxic Radiance
  4159 | D:3      | Found a faded altar of an unknown god.
  4894 | D:4      | Noticed a water moccasin
  4982 | D:4      | Noticed an ogre
  5005 | D:4      | Killed an ogre
  5005 | D:4      | Reached skill level 5 in Poison Magic
  5005 | D:4      | Reached XP level 6. HP: 5/36 MP: 8/11
  5266 | D:3      | Learned a level 3 spell: Ignite Poison
  5310 | D:4      | Reached skill level 5 in Stealth
  5857 | D:4      | Reached XP level 7. HP: 41/41 MP: 4/12
  5879 | D:4      | Found a staircase to the Ecumenical Temple.
  5907 | Temple   | Entered the Ecumenical Temple
  6080 | Temple   | Became a worshipper of Sif Muna the Loreminder
  6640 | D:5      | Entered Level 5 of the Dungeon
  6874 | D:5      | Reached skill level 5 in Spellcasting
  7009 | D:5      | Reached XP level 8. HP: 38/47 MP: 11/15
  7407 | D:5      | Reached skill level 1 in Air Magic
  7407 | D:5      | Reached skill level 1 in Invocations
  7471 | D:5      | Reached * piety under Sif Muna
  7502 | D:5      | Got a faintly glowing kite shield
  7503 | D:5      | Identified the cursed +0 kite shield of the World {rC-
                  | Str+2 Stlth+} (You found it on level 5 of the Dungeon)
  7864 | D:5      | Reached skill level 1 in Fighting
  7864 | D:5      | Reached skill level 1 in Conjurations
  7864 | D:5      | Reached skill level 1 in Fire Magic
  7895 | D:5      | Found a sparkling altar of Nemelex Xobeh.
  8307 | D:6      | Reached skill level 2 in Conjurations
  8614 | D:6      | Reached ** piety under Sif Muna
  9324 | D:7      | Reached XP level 9. HP: 18/55 MP: 2/17
  9716 | D:7      | Found a sand-covered staircase.
  9732 | Ossuary  | Entered an ossuary
  9957 | Ossuary  | Reached *** piety under Sif Muna
 11397 | D:8      | Reached XP level 10. HP: 63/63 MP: 14/19
 11452 | D:8      | Found a staircase to the Lair.
 11819 | D:9      | Reached skill level 5 in Dodging
 11822 | D:8      | Reached skill level 5 in Invocations
 12054 | D:9      | Learned a level 4 spell: Petrify
 12572 | D:10     | Entered Level 10 of the Dungeon
 12935 | D:10     | Killed an unseen horror
 12935 | D:10     | Reached skill level 5 in Fighting
 12935 | D:10     | Reached skill level 5 in Fire Magic
 12935 | D:10     | Reached skill level 5 in Air Magic
 13077 | D:10     | Found Idietuyryg's Magic Scroll Shop.
 13084 | D:10     | Bought a scroll of noise for 11 gold pieces
 13084 | D:10     | Bought a scroll of random uselessness for 11 gold pieces
 13084 | D:10     | Bought a scroll of identify for 22 gold pieces
 13144 | D:10     | Found Asithasch's Assorted Antiques.
 13159 | D:10     | Bought a silver ring for 155 gold pieces
 13159 | D:10     | Bought an embroidered hat for 217 gold pieces
 13159 | D:10     | Bought a potion of curing for 93 gold pieces
 13301 | D:10     | Found Serylor's Antique Weapon Boutique.
 13361 | D:10     | Reached **** piety under Sif Muna
 13395 | D:10     | Found Tatebb's Food Shoppe.
 14132 | D:11     | Killed an unseen horror
 14220 | D:11     | Killed an unseen horror
 14220 | D:11     | Reached XP level 11. HP: 69/72 MP: 6/22
 14686 | D:11     | Noticed a two-headed ogre
 14716 | D:11     | Killed a two-headed ogre
 15548 | D:12     | Found an iron altar of Okawaru.
 15557 | D:12     | Reached ***** piety under Sif Muna
 15561 | D:12     | Reached skill level 1 in Earth Magic
 15561 | D:12     | Identified Sif Muna's Compendium of Excruciating Moulding
                  | (Sif Muna gifted it to you on level 12 of the Dungeon)
 15561 | D:12     | Received a gift from Sif Muna
 15561 | D:12     | Reached skill level 1 in Shields
 15604 | D:12     | Noticed a cyclops
 15823 | D:12     | Found a staircase to the Orcish Mines.
 15827 | D:12     | Noticed a two-headed ogre
 15827 | D:12     | Noticed a two-headed ogre
 15832 | D:12     | Killed a two-headed ogre
 15832 | D:12     | Killed a two-headed ogre
 16647 | D:12     | Noticed a deep elf mage
 16652 | D:12     | Killed a deep elf mage
 16652 | D:12     | Reached skill level 5 in Transmutations
 16992 | Lair:1   | Entered Level 1 of the Lair of Beasts
 16994 | Lair:1   | Noticed Maggie
 17005 | Lair:1   | Killed Maggie
 17005 | Lair:1   | Reached XP level 12. HP: 38/79 MP: 10/23
 17189 | Lair:1   | Learned a level 6 spell: Statue Form
 18780 | Lair:2   | Noticed a catoblepas
 18789 | Lair:2   | Killed a catoblepas
 18903 | Lair:2   | Found a staircase to the Snake Pit.
 19018 | Lair:2   | Reached skill level 5 in Earth Magic
 19235 | Lair:2   | Reached skill level 3 in Conjurations
 20120 | Orc:1    | Entered Level 1 of the Orcish Mines
 20245 | Orc:1    | You fall into a shaft and drop 1 floor!
 20245 | Orc:2    | Entered Level 2 of the Orcish Mines
 20513 | Orc:1    | Found a roughly hewn altar of Beogh.
 20749 | Orc:2    | Found a staircase to the Elven Halls.
 21404 | Orc:1    | Reached skill level 4 in Conjurations
 21723 | Orc:2    | Noticed an orc high priest
 21724 | Orc:2    | Identified Sif Muna's Grimoire of Moulding (Sif Muna gifted
                  | it to you on level 2 of the Orcish Mines)
 21724 | Orc:2    | Received a gift from Sif Muna
 21728 | Orc:2    | Killed an orc high priest
 21728 | Orc:2    | Noticed an orc warlord
 21736 | Orc:2    | Noticed Nergalle
 21737 | Orc:2    | Reached skill level 5 in Conjurations
 21737 | Orc:2    | Reached XP level 13. HP: 71/83 MP: 8/25
 21738 | Orc:2    | Killed an orc warlord
 21739 | Orc:2    | Killed Nergalle
 21739 | Orc:2    | Reached skill level 6 in Conjurations
 22154 | Orc:2    | Identified Sif Muna's Catalogue of Combat Magic (Sif Muna
                  | gifted it to you on level 2 of the Orcish Mines)
 22154 | Orc:2    | Received a gift from Sif Muna
 22162 | Orc:2    | Learned a level 5 spell: Iskenderun's Battlesphere
 22415 | Orc:2    | Found a roughly hewn altar of Beogh.
 22566 | Orc:2    | Found Uge Kud's Antique Armour Emporium.
 22619 | Orc:2    | Found Akkyuda's General Store.
 22641 | Orc:2    | Bought a scroll of identify for 32 gold pieces
 22717 | Orc:2    | Reached skill level 7 in Conjurations
 22866 | Orc:2    | Found a roughly hewn altar of Beogh.
 22944 | Orc:2    | Found Musaim's Antique Weapon Emporium.
 22950 | Orc:2    | Bought a crude falchion for 232 gold pieces
 22959 | Orc:2    | Found Soll's Jewellery Emporium.
 22966 | Orc:2    | Bought a +4 ring of protection for 468 gold pieces
 22967 | Orc:2    | Identified the +2 falchion of Beejul {vorpal, Str+4 Dex-5}
                  | (You bought it in a shop on level 2 of the Orcish Mines)
 24310 | Lair:3   | Found a stormy altar of Qazlal.
 24748 | Lair:3   | Identified the Grimoire of Stones and Displacement
 25487 | Lair:4   | Reached skill level 8 in Conjurations
 25575 | Lair:4   | Found a gate leading to a gauntlet.
 25601 | Gauntlet | Entered a Gauntlet
 25601 | Gauntlet | Found a transporter.
 25601 | Gauntlet | Found a transporter.
 25603 | Gauntlet | Found a transporter.
 25603 | Gauntlet | Found a transporter.
 25615 | Gauntlet | Found a transporter.
 25635 | Gauntlet | Found a transporter.
 25644 | Gauntlet | Found a transporter.
 25644 | Gauntlet | Found a transporter.
 25646 | Gauntlet | Found a transporter.
 25646 | Gauntlet | Found a transporter.
 25663 | Gauntlet | Found a transporter.
 25671 | Gauntlet | Noticed a reaper
 25674 | Gauntlet | Found a transporter.
 25684 | Gauntlet | Found a transporter.
 25698 | Gauntlet | Found a transporter.
 26393 | Gauntlet | Learned a level 1 spell: Magic Dart
 26394 | Gauntlet | Got an ancient silver ring
 26397 | Gauntlet | Identified the ring "Maaheit" {+Inv rF+++ rC- Str-4 Stlth+}
                  | (You found it in a Gauntlet)
 26500 | Gauntlet | Identified the cursed +0 spear "Boextif" {vorpal, *Corrode
                  | *Slow rC+ MR++}
 26500 | Gauntlet | Noticed a minotaur
 26507 | Gauntlet | Killed a minotaur
 26507 | Gauntlet | Reached skill level 10 in Transmutations
 26516 | Gauntlet | Identified The Arcane Secrets of Wizardry
 27829 | Lair:4   | Paralysed by a floating eye for 2 turns
 28302 | Lair:4   | Found the ring of Shadows {Umbra +Inv Stlth+}
 28310 | Lair:4   | Got a scorched platinum ring
 28311 | Lair:4   | Identified the ring "Fiagosamn" {+Inv Stlth+} (You found it
                  | on level 4 of the Lair of Beasts)
 28459 | Lair:5   | Reached skill level 9 in Conjurations
 28459 | Lair:5   | Reached XP level 14. HP: 83/90 MP: 22/26
 28463 | Lair:5   | Identified Wonijob's Incunabulum of Excruciating Summoning
                  | (Sif Muna gifted it to you on level 5 of the Lair of
                  | Beasts)
 28463 | Lair:5   | Received a gift from Sif Muna
 29798 | Lair:6   | Entered Level 6 of the Lair of Beasts
 29879 | Lair:6   | Reached skill level 1 in Short Blades
 30678 | Lair:6   | Found a staircase to the Slime Pits.
 32080 | D:13     | Reached skill level 10 in Spellcasting
 32100 | D:13     | Noticed Sonja
 32110 | D:13     | Killed Sonja
 32493 | D:13     | Noticed Maurice
 32502 | D:13     | Killed Maurice
 32688 | D:13     | Noticed Azrael
 32696 | D:13     | Killed Azrael
 33019 | D:13     | Found Utaur's Jewellery Shop.
 33028 | D:13     | Bought a +4 ring of protection for 468 gold pieces
 33232 | D:14     | Reached skill level 10 in Conjurations
 33369 | D:14     | Received a gift from Sif Muna
 33378 | D:14     | Learned a level 6 spell: Freezing Cloud
 33648 | D:14     | Noticed Louise
 33668 | D:14     | Killed Louise
 33928 | D:14     | Reached skill level 10 in Invocations
 33928 | D:14     | Reached XP level 15. HP: 94/94 MP: 14/29
 34124 | D:14     | Found a glowing silver altar of Zin.
 34124 | D:14     | Noticed an angel
 34307 | D:14     | Found a gate to the Vaults.
 34680 | D:15     | Entered Level 15 of the Dungeon
 35506 | D:15     | Found Zohaorr's Jewellery Shop.
 35614 | D:15     | Reached skill level 1 in Ice Magic
 35635 | D:15     | Reached skill level 1 in Charms
 35784 | D:15     | Found a staircase to the Depths.
 37134 | Elf:1    | Entered Level 1 of the Elven Halls
 37243 | Elf:1    | Found Coagracsa's Book Shop.
 37526 | Elf:1    | Reached skill level 11 in Conjurations
 37527 | Elf:1    | Reached skill level 1 in Evocations
 37687 | Elf:1    | Noticed a deep elf sorcerer
 37689 | Elf:1    | Cast into level 3 of the Abyss (a deep elf sorcerer)
 37828 | Abyss:3  | Noticed a tentacled starspawn
 37838 | Abyss:3  | Killed a tentacled starspawn
 37838 | Abyss:3  | Reached skill level 10 in Stealth
 37983 | Abyss:3  | Noticed a bone dragon
 38000 | Abyss:3  | Reached skill level 5 in Ice Magic
 38026 | Abyss:3  | Learned a level 3 spell: Confusing Touch
 38287 | Abyss:3  | Lost strength.
 38335 | Abyss:3  | Noticed a tentacled starspawn
 38339 | Abyss:3  | Noticed a tentacled starspawn
 38341 | Abyss:3  | Killed a tentacled starspawn
 38341 | Abyss:3  | Reached XP level 16. HP: 33/80 MP: 20/31
 38344 | Abyss:3  | HP: 3/104 [blizzard demon/bolt of cold (37)]
 38349 | Abyss:3  | HP: 5/104 [blizzard demon/bolt of lightning (2)]
 38352 | Abyss:3  | HP: 1/117 [starcursed mass/accursed screaming (10)]
 38355 | Abyss:3  | Killed a tentacled starspawn
 38365 | Elf:1    | Escaped the Abyss
 38651 | Elf:1    | Reached skill level 12 in Conjurations
 38709 | Elf:1    | Identified Sif Muna's Catalogue of Calling and Cold (Sif
                  | Muna gifted it to you on level 1 of the Elven Halls)
 38709 | Elf:1    | Received a gift from Sif Muna
 39542 | Elf:1    | Reached skill level 13 in Conjurations
 39691 | Elf:1    | Identified Sif Muna's Tome of Creative Conjuration
 40717 | Elf:2    | Reached skill level 14 in Conjurations
 41084 | Elf:2    | Found a runed translucent gate.
 41084 | Elf:2    | Found a runed translucent gate.
 41089 | Elf:2    | Found a runed translucent gate.
 41219 | Elf:2    | Noticed a deep elf blademaster
 41223 | Elf:2    | Killed a deep elf blademaster
 41650 | Elf:2    | Noticed Agnes
 41661 | Elf:2    | Killed Agnes
 41665 | Elf:2    | Reached XP level 17. HP: 105/105 MP: 9/32
 42538 | Elf:3    | Entered Level 3 of the Elven Halls
 42762 | Elf:3    | Noticed a Brimstone Fiend
 42763 | Elf:3    | Reached skill level 1 in Hexes
 42763 | Elf:3    | Noticed a deep elf master archer
 42764 | Elf:3    | Noticed Asterion
 42765 | Elf:3    | Noticed a Hell Sentinel
 42765 | Elf:3    | Reached skill level 1 in Long Blades
 42768 | Elf:3    | Cast into level 3 of the Abyss (a deep elf sorcerer)
 42797 | Abyss:3  | Found a corrupted altar of Lugonu.
 43002 | Abyss:3  | Noticed a bone dragon
 43024 | Abyss:3  | Lost strength.
 43025 | Abyss:3  | HP: 1/94 [bone dragon (4)]
 43026 | Abyss:3  | Slain by a bone dragon

Illustrated notes

Levels and vault maps discovered:
D:1:      dpeg_arrival_brainrot, layout_basic, skrybe_limestone_x
D:2:      layout_loops_ring, lemuel_crystal_altar, first_ration,
          minmay_diced_spiral
D:3:      layout_basic, chequers_ecumenical_altar_island,
          chequers_decorated_corner
D:4:      layout_rooms, minmay_temple_entry_mini_moons, minmay_stone_trees_small
D:5:      layout_loops_ring, nemelex_dance_club_becter
D:6:      layout_basic, st_stairs_14, minmay_ogre_servants
D:7:      layout_loops_ring, gup_ossuary_entry_pyramid
D:8:      layout_basic, grunt_lair_entry_orc_guard_hut
D:9:      layout_cave_pools
D:10:     layout_roguey, serial_shops, shop_coins, nicolae_shop_trees, shop,
          kennysheep_mini, hangedman_little_slice_of_home, minmay_door_square
D:11:     layout_loops_cross
D:12:     layout_cave_pools, orc_0_dummy, basic_altar, minmay_holes
D:13:     layout_loops_ring, serial_shops, nicolae_shop_trees, uniq_azrael,
          uniq_maurice, uniq_sonja
D:14:     layout_stronghold, david_vaults_2, zin_angel, minivault_12,
          uniq_louise
D:15:     grunt_enter_depths_magical_seal, layout_basic, serial_shops, shop,
          hangedman_decor_lopped, hangedman_weighted_door
Temple:   nicolae_temple_the_god_donut
Lair:1:   layout_regular_city, uniq_maggie
Lair:2:   layout_regular_city, nicolae_swamp_entry_splash_gauntlet,
          dummy_snake_entry, minivault_11
Lair:3:   layout_cave_pods, basic_altar, st_stairs_12, minivault_27,
          infiniplex_staircase_pool_2, grunt_megastairs_5, serial_bayou_shore_a
Lair:4:   pond_and_an_island_with_a_cottage, layout_layer_cave,
          gauntlet_entry_generic, lookout_lair_type, disabler_island,
          grunt_megastairs_3
Lair:5:   layout_cave_pods
Lair:6:   guppyfry_lair_end_dragon, layout_misc_corridors,
          minmay_slime_entry_oklob_enclosed, lemuel_fruit_fields
Orc:1:    layout_diamond_mine, mines2_david
Orc:2:    grunt_orc_cross, layout_caves, basic_altar, nicolae_orc_bridge_out
Elf:1:    elf_arrival_001, layout_gridlike, serial_shops, shop,
          minmay_elf_sorcery
Elf:2:    layout_geoelf_octagon, uniq_agnes
Elf:3:    minmay_elf_hall_hex, layout_onion_city, serial_shops, shop_coins,
          gammafunk_ghost_tricky_traps, chequers_hall_statues_wall_a,
          minmay_shop_grove, uniq_nikola, uniq_aizul, uniq_roxanne,
          uniq_asterion
Abyss:3:  base: Depths:2, hangedman_abyss_or_decor_lesser_grid,
          evilmike_abyss_exit_vortex, evilmike_abyss_rune_ettins,
          hangedman_shadowy_showcase, hangedman_cross_veins,
          evilmike_abyss_rune_siren_acolytes, base:
D:6

Skill      XL: |  1  2  3  4  5  6  7  8  9 10 11 12 13 14 15 16 17 |
---------------+----------------------------------------------------+-----
Stealth        | 3 4 5 8 10 11 12 | 12.0
Poison Magic   | 4 5 6 |  6.0
Transmutations | 2 3 4 5 7 10 | 10.0
Spellcasting   | 3 5 6 7 8 10 11 12 | 12.0
Air Magic      | 2 4 5 6 7 |  7.0
Invocations    | 2 4 6 7 8 10 11 | 11.7
Fighting       | 2 4 5 6 |  6.3
Conjurations   | 2 5 9 10 11 14 | 14.7
Fire Magic     | 2 4 5 6 |  6.2
Dodging        | 3 4 6 |  6.7
Earth Magic    | 2 7 8 9 |  9.5
Shields        | 2 4 |  4.0
Short Blades   | 3 |  3.0
Ice Magic      | 5 |  5.0
Charms         | 3 |  3.0
Evocations     | 3 |  3.9
Hexes          | 2 |  2.1
Long Blades    | 2 |  2.0

Action                   |  1- 3 |  4- 6 |  7- 9 | 10-12 | 13-15 | 16-18 || total
-------------------------+-------+-------+-------+-------+-------+-------++-------
Melee: Unarmed           |    33 |       |       |       |       |       ||    33
       Constrict         |    12 |    16 |    58 |    34 |    55 |     7 ||   182
       Tentacles         |     4 |    11 |    27 |    35 |    82 |    10 ||   169
       Short sword       |    14 |    59 |       |       |       |       ||    73
       Spear             |       |       |   231 |   158 |   139 |       ||   528
       Dagger            |       |       |     6 |    48 |   514 |    20 ||   588
       Long sword        |       |       |       |       |       |    20 ||    20
 Cast: Sting             |    40 |    56 |     8 |     1 |       |       ||   105
       Mephitic Cloud    |       |     4 |    18 |    24 |    61 |     4 ||   111
       Olgreb's Toxic Ra |       |     2 |    29 |    99 |   167 |    54 ||   351
       Ignite Poison     |       |     1 |    32 |    93 |   184 |    52 ||   362
       Petrify           |       |       |       |    19 |    53 |     2 ||    74
       Statue Form       |       |       |       |       |    53 |    35 ||    88
       Magic Dart        |       |       |       |       |    45 |   185 ||   230
       Iskenderun's Batt |       |       |       |       |    11 |    43 ||    54
       Freezing Cloud    |       |       |       |       |     3 |     5 ||     8
       Confusing Touch   |       |       |       |       |     2 |       ||     2
Invok: Channel Magic     |       |       |       |     5 |    16 |     8 ||    29
 Abil: Evoke Invisibilit |       |       |       |       |     1 |       ||     1
Evoke: Wand              |       |       |       |     5 |       |     8 ||    13
       Phantom mirror    |       |       |       |       |       |     1 ||     1
  Use: Scroll            |       |       |    12 |     6 |    25 |     6 ||    49
       Potion            |       |       |     1 |     2 |     6 |    11 ||    20
 Stab: Sleeping          |     7 |     7 |    14 |     8 |    25 |    12 ||    73
       Distracted        |       |     1 |     2 |     1 |     1 |       ||     5
       Confused          |       |       |     1 |       |     1 |       ||     2
       Petrified         |       |       |       |    41 |    77 |     1 ||   119
       Petrifying        |       |       |       |     1 |     3 |       ||     4
       Invisible         |       |       |       |       |       |     1 ||     1
  Eat: Ration            |     1 |     1 |     3 |     2 |    10 |     5 ||    22
       Chunk             |     2 |     7 |    11 |    31 |    42 |    13 ||   106
Armor: Skin              |     5 |     7 |    20 |    15 |   382 |   203 ||   632
Dodge: Dodged            |    56 |    47 |   138 |   164 |   997 |   269 ||  1671
Block: Buckler           |       |       |       |       |   212 |    75 ||   287
       Rpst.: Long sword |       |       |       |       |       |    27 ||    27
